 Dungeon Crawl Stone Soup version 0.29-a0-375-g5102b3be25 (webtiles) character file.

Game seed: 16087060287709194313

5 jaega1 the Firebug (level 1, -3/18 HPs)
             Began as a Human Cinder Acolyte on May 3, 2022.
             Was a High Priest of Ignis.
             Frozen to death by an endoplasm (5 damage)
             ... on level 1 of the Dungeon.
             The game lasted 00:01:13 (119 turns).

jaega1 the Firebug (Human Cinder Acolyte)            Turns: 119, Time: 00:01:13

Health: -3/18      AC:  2    Str: 14    XL:     1   Next: 88%
Magic:  2/2        EV: 11    Int: 14    God:    Ignis [*****.]
Gold:   7          SH:  0    Dex:  8    Spells: 2/2 levels left

rFire   + . .      SeeInvis .   a - -1 falchion (flame)
rCold   . . .      Faith    .   (no shield)
rNeg    . . .      Spirit   .   b - +0 robe
rPois   .          Reflect  .   (no helmet)
rElec   .          Harm     .   (no cloak)
rCorr   .          Rampage  .   (no gloves)
Will    .....                   (no boots)
Stlth   +.........              (no amulet)
HPRegen 0.06/turn               (no ring)
MPRegen 0.08/turn               (no ring)

@: no status effects
A: no striking features
a: Renounce Religion, Fiery Armour, Foxfire Swarm, Rising Flame


You were on level 1 of the Dungeon.
You worshipped Ignis.
Ignis was extremely pleased with you.
You visited 1 branch of the dungeon, and saw 1 of its levels.

You collected 7 gold pieces.

Inventory:

Hand Weapons
 a - a -1 falchion of flaming (weapon)
Armour
 b - a +0 robe (worn)
Scrolls
 c - a scroll of magic mapping {unknown}


   Skills:
 - Level 3.0 Fighting
 + Level 0.4(1.9) Short Blades
 - Level 3.0 Long Blades
 + Level 0.2 Staves
 + Level 0.4 Bows
 + Level 0.2 Throwing
 - Level 1.0 Spellcasting
 - Level 3.0 Fire Magic
 + Level 0.4 Evocations


You had 2 spell levels left.
You didn't know any spells.
Your spell library contained the following spells:

 Spells                   Type           Power      Damage    Failure   Level
 Scorch                   Fire           18%        2d5       12%         2


Dungeon Overview and Level Annotations

Branches:
Dungeon (1/15)

Altars:


Message History

You barely miss the jackal. The jackal misses you.
The jackal closely misses you. The jackal barely misses you.
The jackal bites you but does no damage.
You barely miss the jackal. The jackal bites you. The jackal barely misses you.
The jackal bites you but does no damage.
The jackal closely misses you. The jackal completely misses you.
You closely miss the jackal. The jackal bites you.
The jackal barely misses you. x2
The jackal bites you but does no damage.
You hit the jackal but do no damage. The jackal bites you. x2
The jackal misses you. The jackal bites you.
* * * LOW HITPOINT WARNING * * *
The jackal bites you but does no damage.
You hit the jackal. You burn the jackal.
You kill the jackal!
The jackal bites you but does no damage.
The jackal bites you.
* * * LOW HITPOINT WARNING * * *
The jackal barely misses you. The jackal attacks as you move away!
The jackal closely misses you.
You see here a jackal corpse.
The jackal attacks as you move away!
The jackal bites you but does no damage.
The jackal attacks as you move away! The jackal bites you.
* * * LOW HITPOINT WARNING * * *
The jackal closely misses you.
You hit the jackal. You burn the jackal.
You kill the jackal!
The jackal bites you.
* * * LOW HITPOINT WARNING * * *
You hit the jackal but do no damage. The jackal barely misses you. x2
You closely miss the jackal. The jackal closely misses you.
You barely miss the jackal. The jackal closely misses you.
The jackal barely misses you.
You hit the jackal. You burn the jackal.
You kill the jackal!
You hit the endoplasm but do no damage. The endoplasm freezes you.
You are frozen.
You die...

#. #..# ##..#.# .
#...##...#.# ..
#........#.#
##......'#.#
########..# #
..........#..# ##
#######.....#
#.######## #.###.#
#.#....rJ@.####.# .#
#......###......## #
r.....##†#.........#
..... #.#.........#
.......rJ#.........#
......##.#.........#
h.... #.#.........#
.... .....####...#
.. ####. #...#


You could see an endoplasm and a rat.

Vanquished Creatures
  3 jackals (D:1)
  A bat (D:1)
  A rat (D:1)
5 creatures vanquished.

Notes
Turn   | Place    | Note
-------+----------+-------------------------------------------
     0 | D:1      | jaega1 the Human Cinder Acolyte began the quest for the
                  | Orb.
     0 | D:1      | Reached XP level 1. HP: 18/18 MP: 2/2
   119 | D:1      | Frozen to death by an endoplasm

Illustrated notes

Levels and vault maps discovered:
D:1:      minmay_arrival_four_loops, layout_basic, ebering_ecumenical_altar_hall

Action                   || total
-------------------------++-------
Melee: Falchion          ||    23
Armor: Robe              ||    11
Dodge: Dodged            ||    28

Table legend: (Time is in decaauts)
 A = Elapsed time spent in this place.
 B = Non-inter-level travel time spent in this place.
 C = Inter-level travel time spent in this place.
 D = Time resting spent in this place.
 E = Time spent auto-exploring this place.
 F = Levels seen in this place.
 G = Mean time per level.
                   A        B        C        D        E       F      G
               +--------+--------+--------+--------+--------+-----+--------+
         Total |    122 |    122 |      0 |     52 |     26 |   1 |  122.0 |
       Dungeon |    122 |    122 |      0 |     52 |     26 |   1 |  122.0 |
               +--------+--------+--------+--------+--------+-----+--------+

Top non-repeatable levels by time:
     D:1: 122 daAuts
